 Dungeon Crawl Stone Soup version 0.20.1-1-g8b1a95d (webtiles) character file.

340 manon the Skirmisher (level 6, 0/67 HPs)
             Began as an Ogre Arcane Marksman on Oct 12, 2017.
             Was an Initiate of Gozag.
             Slain by Duvessa
             ... wielding a +0 short sword
              (9 damage)
             ... on level 4 of the Dungeon.
             The game lasted 00:16:22 (3220 turns).

manon the Skirmisher (Ogre Arcane Marksman)         Turns: 3220, Time: 00:16:22

Health: 0/67       AC: 11    Str: 15    XL:     6   Next: 56%
Magic:  7/7        EV: 15    Int: 14    God:    Gozag
Gold:   236        SH:  0    Dex: 16    Spells: 6/7 levels left

rFire    + . .     SeeInvis .   a - +0 flail (protect)
rCold    + + .     Gourm    .   (no shield)
rNeg     . . .     Faith    .   e - +1 robe
rPois    +         Spirit   .   (helmet restricted)
rElec    +         Reflect  .   (no cloak)
rCorr    +         Harm     .   (gloves unavailable)
MR       .....                  (boots unavailable)
Stlth    ++........             (no amulet)
Regen    0.3/turn               t - ring of protection from cold
MPRegen  0.1/turn               (no ring)

@: agile, resistant, protection aura, berserk cooldown, very slightly
contaminated, slowed, invisible, very slow
A: unfitting armour, tough skin 1
a: Potion Petition, Call Merchant, Bribe Branch, Renounce Religion


You were on level 4 of the Dungeon.
You worshipped Gozag.
Gozag was aware of your devotion.
You were not hungry.

You visited 1 branch of the dungeon, and saw 4 of its levels.

You collected 280 gold pieces.
You paid 44 gold pieces to Gozag.

Inventory:

Hand Weapons
 a - a +0 flail of protection (weapon)
 r - a +0 mace
Missiles
 d - a throwing net (quivered) {!f}
 i - 117 stones
Armour
 e - a +1 robe (worn)
Jewellery
 t - a ring of protection from cold (left hand)
Scrolls
 g - a scroll of immolation {unknown}
 n - a scroll of identify {unknown}
 o - 3 scrolls of teleportation
 s - a scroll of remove curse
Potions
 h - a potion of might {unknown}
 j - a potion of resistance {unknown}
 l - a potion of haste
 p - a potion of mutation {unknown}
 q - a potion of lignification {unknown}
 v - a potion of curing {unknown}
 w - a potion of magic
Books
 b - a book of Debilitation

   Spells                             Type                      Level
   a - Corona                         Hexes                        1
   b - Slow                           Hexes                        2
   c - Inner Flame                    Hexes/Fire                   3
   d - Portal Projectile              Hexes/Translocation          3
   e - Cause Fear                     Hexes                        4
   f - Leda's Liquefaction            Hexes/Earth                  4
Comestibles
 f - 2 bread rations
 k - 2 meat rations


   Skills:
 * Level 5.8 Fighting
 + Level 2.9 Maces & Flails
 + Level 3.3 Throwing
 - Level 2.0 Dodging
 - Level 1.2 Spellcasting
 - Level 2.9 Hexes


You had 6 spell levels left.
You knew the following spells:

 Your Spells              Type           Power        Failure   Level  Hunger
a - Corona                Hex            #......      8%          1    ##.....


Dungeon Overview and Level Annotations

Branches:
Dungeon (4/15)
 Temple: D:4-7

Altars:
Gozag

Annotations:
D:4 Duvessa


Innate Abilities, Weirdness & Mutations

You are too large for most types of armour.
You have tough skin. (AC +1)


Message History

Duvessa is severely wounded.
The quokka misses you. Duvessa barely misses you.
You closely miss Duvessa.
Duvessa is severely wounded.
Duvessa hits you with a short sword.
* * * LOW HITPOINT WARNING * * *
The quokka misses you. Duvessa misses you.
You sock Duvessa!
Duvessa is almost dead.
The quokka closely misses you. Duvessa barely misses you.
You hit Duvessa.
Duvessa is almost dead.
You are no longer berserk.
You are exhausted.
You feel yourself slow down. Duvessa hits you but does no damage.
You closely miss Duvessa.
Duvessa is almost dead.
Duvessa hits you with a short sword!
You die...
Your body crumbles into a pile of gold.

#.#...# *,,,,,,,,,,*,,,**
#.....## *,,,,,,,,,,,,,,,,
##.##..# *,,,,,,,,,,***,,,
#.###.###### *****##.,,***,,,,
#.###......########...*****,*,>
#..#####.....)..(...#.,,,,,,,,,
##.# #..............,,,,***,,
#.# #......e.).###*,,,,* ***
#.# ##.##.#@r### *,,,,* *** #.#
#..##.##(#### *,,,,* *,, #.#
##.###.##....# ****** *,* #.#
##(.# #...###.# *,* #.###..##
###.# #.### **, #.....##
#.###...### *,* #######
#..####.).### *,* ##.# ###...##
*,, #.# ###..####*


You could see Duvessa (berserk) and a quokka.

Vanquished Creatures
  Grinder (D:3)
  Dowan (D:4)
  2 adders
  2 worms
  2 dart slugs
  4 leopard geckos
  5 orcs (D:3)
  A ball python (D:4)
  6 giant cockroaches
  2 goblins
  11 hobgoblins
  3 jackals (D:3)
  6 kobolds
  3 quokkas
  6 bats
  3 frilled lizards
  4 rats
62 creatures vanquished.

Notes
Turn   | Place    | Note
-------+----------+-------------------------------------------
     0 | D:1      | manon the Ogre Arcane Marksman began the quest for the Orb.
     0 | D:1      | Reached XP level 1. HP: 19/19 MP: 2/2
   319 | D:1      | Reached XP level 2. HP: 28/28 MP: 3/3
   501 | D:1      | Reached skill level 2 in Fighting
   845 | D:2      | Reached skill level 1 in Maces & Flails
   845 | D:2      | Reached XP level 3. HP: 29/36 MP: 4/4
  1190 | D:2      | Reached skill level 3 in Fighting
  1995 | D:3      | Reached XP level 4. HP: 41/45 MP: 5/5
  2138 | D:3      | Found an opulent altar of Gozag.
  2145 | D:3      | Became a worshipper of Gozag Ym Sagoz the Greedy
  2502 | D:3      | Noticed Grinder
  2508 | D:3      | Killed Grinder
  2508 | D:3      | Reached skill level 5 in Fighting
  2508 | D:3      | Reached XP level 5. HP: 37/57 MP: 6/6
  2508 | D:3      | Reached XP level 6. HP: 43/66 MP: 7/7
  3053 | D:4      | Noticed Dowan
  3055 | D:4      | Noticed Duvessa
  3077 | D:4      | Killed Dowan
  3205 | D:4      | HP: 1/67 [Duvessa/short sword (6)]
  3220 | D:4      | Slain by Duvessa

Skill      XL: |  1  2  3  4 |
---------------+-------------+-----
Dodging        | 2 |  2.0
Fighting       | 2 3 5 |  5.8
Maces & Flails | 1 2 |  2.9
Throwing       | 3 |  3.3
Spellcasting   | |  1.2
Hexes          | |  2.9

Action                   |  1- 3 |  4- 6 || total
-------------------------+-------+-------++-------
Melee: Unarmed           |    12 |       ||    12
       Mace              |    96 |    39 ||   135
       Flail             |       |    66 ||    66
Throw: Large rock        |    30 |    12 ||    42
       Stone             |     3 |     6 ||     9
       Throwing net      |     3 |       ||     3
Invok: Potion Petition   |       |     1 ||     1
  Use: Scroll            |       |     4 ||     4
       Potion            |       |     1 ||     1
 Stab: Invisible         |       |     2 ||     2
  Eat: Chunk             |     3 |     1 ||     4
       Fruit             |       |     5 ||     5
Armor: Robe              |    42 |    33 ||    75
Dodge: Dodged            |    63 |    93 ||   156
